 Dungeon Crawl Stone Soup version 0.20-a0-29-g41cc41e (webtiles) character file.

423 KristoblXynda the Chopper (level 6, -6/51 HPs)
             Began as a Hill Orc Fighter on Nov 7, 2016.
             Mangled by an ogre
             ... wielding a cursed -1 giant club
              (28 damage)
             ... on level 4 of the Dungeon.
             The game lasted 00:05:51 (2803 turns).

KristoblXynda the Chopper (Hill Orc Fighter)        Turns: 2803, Time: 00:05:51

Health: -6/51      AC:  9    Str: 19    XL:     6   Next: 95%
Magic:  6/6        EV:  5    Int: 10    God:
Gold:   242        SH: 10    Dex: 10    Spells: 0 memorised, 5 levels left

rFire  . . .     SeeInvis .     a - +0 war axe
rCold  . . .     Gourm    .     y - +0 chain mail
rNeg   . . .     Faith    .     c - +0 shield
rPois  .         Spirit   .     (no helmet)
rElec  .         Reflect  .     (no cloak)
rCorr  .         Harm     .     (no gloves)
MR     .....                    (no boots)
Stlth  ..........               (no amulet)
                                (no ring)
                                (no ring)

@: no status effects
A: no striking features
a: no special abilities


You were on level 4 of the Dungeon.
You were not hungry.

You visited 1 branch of the dungeon, and saw 4 of its levels.
You also visited: Ossuary.

You collected 242 gold pieces.

Inventory:

Hand Weapons
 a - a +0 war axe (weapon)
Armour
 c - a +0 shield (worn)
 y - a +0 chain mail (worn)
Scrolls
 h - 3 scrolls of remove curse
 k - a scroll of amnesia
 n - a scroll of fear
 o - 2 scrolls of fog
 x - a scroll of magic mapping
Potions
 d - 3 potions of might
 e - a potion of lignification {unknown}
 g - a potion of agility
 m - 2 potions of resistance
 q - 2 potions of haste {unknown}
 r - 2 potions of curing
 t - a potion of brilliance {unknown}
 v - a potion of cancellation {unknown}
 w - a potion of invisibility {unknown}
Books
 s - a book of the Tempests

   Spells                             Type                      Level
   a - Static Discharge               Conjuration/Air              3
   b - Lightning Bolt                 Conjuration/Air              5
   c - Fireball                       Conjuration/Fire             5
   d - Tornado                        Air                          9
   e - Shatter                        Earth                        9
Comestibles
 f - 4 bread rations
 i - a meat ration
 u - 2 slices of pizza


   Skills:
 - Level 3.6 Fighting
 + Level 6.0 Axes
 + Level 5.3 Armour
 + Level 5.5 Shields


You had 5 spell levels left.
You didn't know any spells.

Dungeon Overview and Level Annotations

Branches:
Dungeon (4/15)
 Temple: D:4-7

Altars:
Elyvilon
Fedhas
Nemelex Xobeh
Qazlal

Annotations:
D:4 KristoblXynda's ghost, novice NaGl; Pikel


Message History

The orc hits you but does no damage.
Your chain mail prevents you from hitting the ogre.
You slash the orc!
You kill the orc!
Your Axes skill increases to level 6!
The ogre hits you with a giant club.
You hit the ogre.
The ogre is lightly wounded.
The ogre hits you with a giant club.
You barely miss the ogre.
The ogre is lightly wounded.
You block the ogre's attack.
You hit the ogre.
The ogre is moderately wounded.
You block the ogre's attack.
You barely miss the ogre.
The ogre is moderately wounded.
The ogre hits you with a giant club!!
Ouch! That really hurt!
You die...

.........#.## ..##.#
............###.#..#
...........>..#...#
..................###
...............>....##
.........####....##.$###
###)..##.# ##..........
..[)####... #..........
..### ##### #..@.......
..# #...O.)...... ..#
##........... ..#
#######..... ..# ...$.
..# .... ..# .... ..#
### ..#


You could see an ogre.

Vanquished Creatures
  An elf zombie (Ossuary)
  A centaur zombie (Ossuary)
  A centaur skeleton (D:4)
  2 orc wizards (D:4)
  An iguana (D:4)
  A big kobold zombie (Ossuary)
  3 hound zombies (Ossuary)
  3 mummies (Ossuary)
  2 adders
  An adder zombie (Ossuary)
  4 worms
  A dart slug (D:3)
  9 orcs
  2 ball pythons (D:1)
  5 giant cockroaches
  2 gnoll zombies (Ossuary)
  4 goblins
  9 hobgoblins
  A quokka (D:2)
  7 bats
  5 frilled lizards
  3 hobgoblin zombies (Ossuary)
  4 jackal zombies (Ossuary)
  5 kobolds
  7 kobold zombies (Ossuary)
  5 quokka zombies (Ossuary)
  11 rats
  3 rat zombies (Ossuary)
103 creatures vanquished.

Notes
Turn   | Place    | Note
-------+----------+-------------------------------------------
     0 | D:1      | KristoblXynda the Hill Orc Fighter began the quest for the Orb.
     0 | D:1      | Reached XP level 1. HP: 19/19 MP: 1/1
    36 | D:1      | Found a sparkling altar of Nemelex Xobeh.
    39 | D:1      | Reached skill level 3 in Axes
   171 | D:1      | Reached XP level 2. HP: 26/26 MP: 2/2
   861 | D:2      | Reached XP level 3. HP: 26/31 MP: 3/3
   960 | D:2      | Found a white marble altar of Elyvilon.
  1056 | D:2      | Found a stormy altar of Qazlal.
  1135 | D:2      | Found a blossoming altar of Fedhas.
  1148 | D:2      | Found a faded altar of an unknown god.
  1691 | D:3      | Reached skill level 4 in Axes
  1691 | D:3      | Reached XP level 4. HP: 38/39 MP: 4/4
  2113 | D:4      | Reached XP level 5. HP: 40/45 MP: 5/5
  2160 | D:4      | Noticed a slave
  2174 | D:4      | Noticed Pikel
  2174 | D:4      | Noticed a slave
  2175 | D:4      | Noticed a slave
  2175 | D:4      | Noticed a slave
  2177 | D:4      | Noticed KristoblXynda's ghost (novice NaGl)
  2242 | D:4      | Reached skill level 5 in Axes
  2259 | D:4      | Found a sand-covered staircase.
  2267 | D:4      | Noticed an ogre
  2268 | Ossuary  | Entered an ossuary
  2532 | Ossuary  | Reached XP level 6. HP: 50/51 MP: 6/6
  2556 | Ossuary  | Reached skill level 5 in Shields
  2620 | Ossuary  | Reached skill level 5 in Armour
  2799 | D:4      | Reached skill level 6 in Axes
  2803 | D:4      | Mangled by an ogre

Vault maps used:
D:1:      wheals_arrival_shading, minivault_4, nemelex_xobeh_ov_fountains_minmay
D:2:      grunt_temple_overflow_forces_of_nature, old_standard_altar,
          ecumenical_altar_2
D:4:      enter_ossuary_1, first_bread, minivault_5, hex_intersection,
          uniq_pikel
Ossuary:  minmay_ossuary_two_tombs

Skill      XL: |  1  2  3  4  5  6 |
---------------+-------------------+-----
Axes           | 3 4 5 6 |  6.0
Armour         | 4 5 |  5.3
Shields        | 4 5 |  5.5
Fighting       | |  3.6

Action                   |  1- 3 |  4- 6 || total
-------------------------+-------+-------++-------
Melee: War axe           |   137 |   207 ||   344
  Use: Scroll            |       |    11 ||    11
       Potion            |       |     3 ||     3
  Eat: Chunk             |     3 |     2 ||     5
       Beef jerky        |       |     1 ||     1
Armor: Scale mail        |    62 |    30 ||    92
       Chain mail        |       |    83 ||    83
Dodge: Dodged            |    47 |    48 ||    95
Block: Shield            |    78 |   112 ||   190
